 Dungeon Crawl Stone Soup version 0.20.0-15-g7f486f2 (console) character file.

29 removed the Covered (level 3, 27/27 HPs)
             Began as a Demonspawn Wanderer on June 10, 2017.
             Quit the game on level 1 of the Dungeon.
             The game lasted 00:01:36 (900 turns).

removed the Covered (Demonspawn Wanderer)            Turns: 900, Time: 00:01:37

Health: 27/27      AC:  2    Str: 13    XL:     3   Next: 1%
Magic:  3/3        EV: 12    Int: 11    God:
Gold:   28         SH:  0    Dex: 16    Spells: 2/2 levels left

rFire    . . .     SeeInvis .   c - +0 shortbow
rCold    . . .     Gourm    .   (shield currently unavailable)
rNeg     . . .     Faith    .   f - +0 robe
rPois    .         Spirit   .   (no helmet)
rElec    .         Reflect  .   (no cloak)
rCorr    .         Harm     .   (no gloves)
MR       .....                  (no boots)
Stlth    +.........             (no amulet)
Regen    0.1/turn               l - ring of flight
MPRegen  0.1/turn               p - +2 ring of strength

@: no status effects
A: demonic guardian 1, sanguine armour 1
a: Evoke Flight


You were on level 1 of the Dungeon.
You were not hungry.

You visited 1 branch of the dungeon, and saw 1 of its levels.

You collected 28 gold pieces.

Inventory:

Hand Weapons
 b - a +2 blowgun
 c - a +0 shortbow (weapon)
 j - a +0 whip
Missiles
 a - 2 curare-tipped needles
 d - 13 arrows (quivered)
Armour
 f - a +0 robe (worn)
Jewellery
 l - a ring of flight (left hand)
 p - a +2 ring of strength (right hand)
Scrolls
 i - a scroll of amnesia {unknown}
 o - a scroll of magic mapping {unknown}
Potions
 e - 2 potions of curing
 k - a potion of mutation {unknown}
 n - a potion of agility {unknown}
Comestibles
 g - a bread ration
 h - a royal jelly
 m - a meat ration


   Skills:
 - Level 2.0 Fighting
 - Level 1.0 Maces & Flails
 - Level 2.6 Bows
 - Level 1.0 Throwing
 - Level 2.6 Armour
 + Level 1.6 Dodging
   Level 1.0 Shields


You had 2 spell levels left.
You didn't know any spells.

Dungeon Overview and Level Annotations

Branches:
Dungeon (1/15)

Altars:


Innate Abilities, Weirdness & Mutations

A weak demonic guardian rushes to your aid.
When seriously injured, your bleeding wounds create armour. (AC +0)


Message History

You kill the kobold!
No target in view!
A hobgoblin comes into view. It is wielding a club.
A hobgoblin is nearby!
Firing (i - inventory):
d - 15 arrows (quivered)
Press: ? - help, Shift-Dir - straight line, f - hobgoblin
Aim: a hobgoblin, wielding a club You shoot an arrow.
The arrow barely misses the hobgoblin.
Firing (i - inventory):
d - 14 arrows (quivered)
Press: ? - help, Shift-Dir - straight line, f/p - hobgoblin
Aim: a hobgoblin, wielding a club You shoot an arrow.
The arrow hits the hobgoblin.
You kill the hobgoblin!
You have reached level 3!
Your experience leads to an increase in your attributes!
Your base attributes are Str 11, Int 11, Dex 15.
Increase (S)trength, (I)ntelligence, or (D)exterity?
You feel agile.
Your demonic ancestry asserts itself...
You feel the presence of a demonic guardian.
Are you sure you want to abandon this character and quit the game? (Confirm with "yes".)

......#.......#.........#
......#.......#.........#
####.....................
#...........##.........
#...........#.........
#...........#.....#...
######..####...#.....#..
#≈#≈.'..# #....(####....
≈#≈###..# #.....@.......
≈#≈# #..# #.............
≈#≈≈ #..# #..........##.
≈###.#..# #......!....).
≈# .#..# #...........%.
≈# #..# #...)......... ##
?.# #.............
..............


There were no monsters in sight!

Vanquished Creatures
  A gnoll (D:1)
  A dart slug (D:1)
  A giant cockroach (D:1)
  A goblin (D:1)
  3 hobgoblins (D:1)
  4 kobolds (D:1)
  A bat (D:1)
  2 frilled lizards (D:1)
  3 rats (D:1)
17 creatures vanquished.

Notes
Turn   | Place    | Note
-------+----------+-------------------------------------------
     0 | D:1      | removed the Demonspawn Wanderer began the quest for the Orb.
     0 | D:1      | removed set off with: 3 curare-tipped needles, a +2 blowgun, a +0 shortbow, 22 arrows, a potion of curing, a +0 robe, a bread ration
     0 | D:1      | Reached XP level 1. HP: 15/15 MP: 1/1
   180 | D:1      | Gained mutation: When seriously injured, your bleeding wounds create armour. (AC +0) [demonic ancestry]
   180 | D:1      | Reached XP level 2. HP: 22/22 MP: 2/2
   394 | D:1      | Reached skill level 1 in Dodging
   899 | D:1      | Gained mutation: A weak demonic guardian rushes to your aid. [demonic ancestry]
   899 | D:1      | Reached XP level 3. HP: 27/27 MP: 3/3
   900 | D:1      | Quit the game

Skill      XL: |  1  2 |
---------------+-------+-----
Fighting       | 2 |  2.0
Dodging        | 1 |  1.6
Maces & Flails | |  1.0
Bows           | |  2.6
Throwing       | |  1.0
Armour         | |  2.6
Shields        | |  1.0

Action                   || total
-------------------------++-------
 Fire: Shortbow          ||    40
       Blowgun           ||     1
Armor: Robe              ||     1
Dodge: Dodged            ||     5
